 Dungeon Crawl Stone Soup version 0.21.1-1-g345015fe64 (webtiles) character file.

3014 KamiKatze the Thaumaturge (level 9, -3/39 HPs)
             Began as a Spriggan Conjurer on Feb 13, 2018.
             Slain by a black bear (4 damage)
             ... on level 7 of the Dungeon on Feb 14, 2018.
             The game lasted 00:36:34 (7901 turns).

KamiKatze the Thaumaturge (Spriggan Conjurer)       Turns: 7901, Time: 00:36:34

Health: -3/39      AC:  2    Str:  4    XL:     9   Next: 55%
Magic:  21/31      EV: 18    Int: 25    God:
Gold:   344        SH:  0    Dex: 16    Spells: 6/24 levels left

rFire    . . .     SeeInvis +   J - +2 dagger (speed)
rCold    . . .     Gourm    .   (shield restricted)
rNeg     . . .     Faith    .   K - +0 robe {MR+}
rPois    .         Spirit   .   (helmet restricted)
rElec    .         Reflect  .   E - scarf {repulsion}
rCorr    .         Harm     .   (gloves unavailable)
MR       ++...                  (boots unavailable)
Stlth    ++........             (no amulet)
HPRegen  0.13/turn              g - ring of magical power
MPRegen  0.22/turn              H - +5 ring of intelligence

@: repel missiles, very quick
A: very small, unfitting armour, see invisible, herbivore, speed 3, slow
metabolism 2
a: no special abilities


You were on level 7 of the Dungeon.
You were not hungry.

You visited 1 branch of the dungeon, and saw 7 of its levels.

You collected 377 gold pieces.
You spent 33 gold pieces at shops.

Inventory:

Hand Weapons
 f - a +1 dagger of flaming
 D - a cursed -2 whip
 J - a +2 dagger of speed (weapon)
Missiles
 y - 11 poisoned needles
 C - a throwing net (quivered)
Armour
 r - a +0 buckler
 B - a +0 cloak
 E - a scarf of repulsion (worn)
 K - a +0 robe of magic resistance (worn)
Jewellery
 g - a ring of magical power (left hand)
 q - an uncursed ring of ice
 G - an uncursed amulet of guardian spirit
 H - a +5 ring of intelligence (right hand)
Scrolls
 d - 2 scrolls of teleportation
 h - 3 scrolls of remove curse
 j - 3 scrolls of immolation
 m - 2 scrolls of enchant armour
 n - a scroll of fog {unknown}
 s - a scroll of noise {unknown}
 t - 2 scrolls of fear
 u - a scroll of magic mapping
 v - a scroll of blinking {unknown}
 F - a scroll of enchant weapon {unknown}
 I - a scroll of holy word {unknown}
Potions
 e - 3 potions of curing
 i - 2 potions of invisibility
 k - 2 potions of heal wounds
 l - 2 potions of might {unknown}
 o - a potion of degeneration {unknown}
 p - a potion of lignification {unknown}
 w - a potion of magic {unknown}
 x - a potion of resistance {unknown}
 z - 2 potions of brilliance {unknown}
 A - a potion of mutation {unknown}
Books
 b - a book of Conjurations

   Spells                             Type                      Level
   a - Magic Dart                     Conjuration                  1
   b - Searing Ray                    Conjuration                  2
   c - Dazzling Spray                 Conjuration/Hexes            3
   d - Fulminant Prism                Conjuration/Hexes            4
   e - Force Lance                    Conjuration/Translocation    4
   f - Iskenderun's Mystic Blast      Conjuration                  4
Comestibles
 c - 11 rations


   Skills:
 - Level 3.0 Dodging
 - Level 3.0 Stealth
 + Level 8.3 Spellcasting
 * Level 7.7 Conjurations
 + Level 7.3 Hexes
 + Level 4.4 Translocations


You had 6 spell levels left.
You knew the following spells:

 Your Spells              Type           Power        Failure   Level  Hunger
a - Magic Dart            Conj           ####         1%          1    None
b - Searing Ray           Conj           #####.       1%          2    None
c - Dazzling Spray        Conj/Hex       #####.       1%          3    None
d - Iskenderun's Mystic   Conj           #####...     2%          4    ##.....
e - Fulminant Prism       Conj/Hex       #####.....   2%          4    ##.....
f - Force Lance           Conj/Tloc      #####...     4%          4    ##.....


Dungeon Overview and Level Annotations

Branches:
Dungeon (7/15)
 Temple: D:4-7

Altars:
Ashenzari
Cheibriados
Fedhas
Gozag
Sif Muna
Vehumet
Xom

Shops:
D:5 *   D:6 }

Annotations:
D:3 Sumakker's ghost, amateur GrFi
D:7 subsebi's ghost, novice DsCK


Innate Abilities, Weirdness & Mutations

You are very small and have problems with some larger weapons.
You are too small for most types of armour.
You have supernaturally acute eyesight. (SInv)
You are a herbivore.
You cover ground extremely quickly.
You need consume almost no food.


Message History

The black bear barely misses you.
The searing ray misses the black bear.
You finish channeling your searing ray.
The black bear closely misses you. The black bear claws you.
The black bear barely misses you.
Casting: Searing Ray
Confirm with . or Enter, or press ? or * to list all spells.
Aiming: Searing Ray
Press: ? - help, Shift-Dir - straight line, f/p - black bear
Aim: a black bear (almost dead)
The searing ray hits the black bear.
The black bear is almost dead. (Press . to maintain the ray.)
The black bear bites you!
* * * LOW HITPOINT WARNING * * *
The black bear barely misses you. The black bear claws you.
* * * LOW HITPOINT WARNING * * *
The searing ray misses the black bear.
The black bear bites you.
* * * LOW HITPOINT WARNING * * *
The black bear claws you.
You die...

....#
#######
.....#
.......
#.....#
.......
#.....#
.......
###.......
#..$..:...
#.#!......
#.h# #@.#
####


You could see a black bear.

Vanquished Creatures
  Prince Ribbit (D:5)
  Menkaure (D:7)
  A water moccasin (D:7)
  A sky beast (D:4)
  2 orc warriors
  2 ice beasts (D:7)
  2 necrophages (D:6)
  2 ogres (D:6)
  4 bullfrogs
  A big kobold (D:7)
  A wyvern skeleton (D:7)
  3 scorpions
  3 wights (D:7)
  2 crimson imps (D:6)
  A centaur zombie (D:5)
  2 hounds
  A bullfrog zombie (D:5)
  A bullfrog skeleton (D:5)
  Crazy Yiuf (D:4)
  6 orc priests
  6 iguanas
  6 orc wizards
  6 worker ants
  A worker ant zombie (D:5)
  4 gnolls
  7 adders
  2 shadow imps
  An ooze (D:2)
  An adder zombie (D:7)
  2 adder skeletons
  2 dart slugs (D:1)
  6 leopard geckos
  26 orcs
  7 bats
  7 giant cockroaches
  6 goblins
  9 hobgoblins
  5 jackals
  A quokka (D:6)
  A ball python (D:2)
  8 frilled lizards
  2 giant cockroach zombies (D:5)
  9 kobolds
  10 rats
173 creatures vanquished.

Vanquished Creatures (others)
  6 fulminant prisms
6 creatures vanquished.

Grand Total: 179 creatures vanquished

Notes
Turn   | Place    | Note
-------+----------+-------------------------------------------
     0 | D:1      | KamiKatze the Spriggan Conjurer began the quest for the Orb.
     0 | D:1      | Reached XP level 1. HP: 9/9 MP: 5/5
   165 | D:1      | Reached skill level 3 in Spellcasting
   255 | D:1      | Reached XP level 2. HP: 5/13 MP: 0/7
   259 | D:1      | Learned a level 2 spell: Searing Ray
   627 | D:1      | Reached XP level 3. HP: 11/16 MP: 2/8
   632 | D:1      | Learned a level 3 spell: Dazzling Spray
  1575 | D:2      | Reached skill level 1 in Hexes
  1575 | D:2      | Reached XP level 4. HP: 21/21 MP: 5/10
  1891 | D:2      | Found a shimmering altar of Xom.
  2062 | D:2      | Learned a level 4 spell: Iskenderun's Mystic Blast
  2263 | D:3      | Reached skill level 4 in Spellcasting
  2483 | D:3      | Reached XP level 5. HP: 24/24 MP: 5/12
  2517 | D:3      | Noticed Sumakker's ghost (amateur GrFi)
  3569 | D:4      | Found a deep blue altar of Sif Muna.
  3781 | D:4      | Found a runed door.
  3861 | D:4      | Found a shattered altar of Ashenzari.
  3923 | D:4      | Reached XP level 6. HP: 23/28 MP: 11/14
  4351 | D:4      | Learned a level 4 spell: Fulminant Prism
  4415 | D:4      | Noticed Crazy Yiuf
  4419 | D:4      | Killed Crazy Yiuf
  4450 | D:5      | Entered Level 5 of the Dungeon
  4458 | D:5      | Reached skill level 5 in Spellcasting
  4527 | D:5      | Noticed Prince Ribbit
  4574 | D:5      | Reached skill level 5 in Conjurations
  4658 | D:5      | Noticed a sky beast
  4787 | D:4      | Killed a sky beast
  4787 | D:4      | Reached XP level 7. HP: 32/32 MP: 9/16
  4876 | D:5      | Killed Prince Ribbit
  5179 | D:5      | Found a blossoming altar of Fedhas.
  5198 | D:5      | Reached skill level 6 in Spellcasting
  5284 | D:5      | Found Tukepp's Assorted Antiques.
  5289 | D:5      | Bought a scroll labeled MIOBUM NOSHISI for 33 gold pieces
  5447 | D:6      | Reached skill level 5 in Hexes
  5447 | D:6      | Reached XP level 8. HP: 36/36 MP: 18/18
  6024 | D:6      | Reached skill level 7 in Spellcasting
  6444 | D:6      | Learned a level 4 spell: Force Lance
  6454 | D:6      | Found a radiant altar of Vehumet.
  6714 | D:6      | Found Igivant Sywa's Gadget Emporium.
  6807 | D:6      | Reached skill level 1 in Translocations
  6951 | D:6      | Found an opulent altar of Gozag.
  6952 | D:6      | Found a snail-covered altar of Cheibriados.
  7121 | D:7      | Reached XP level 9. HP: 36/39 MP: 21/21
  7474 | D:7      | Noticed Menkaure
  7498 | D:7      | Reached skill level 8 in Spellcasting
  7499 | D:7      | Killed Menkaure
  7743 | D:7      | Noticed subsebi's ghost (novice DsCK)
  7901 | D:7      | HP: 1/39 [black bear (3)]
  7901 | D:7      | Slain by a black bear

Skill      XL: |  1  2  3  4  5  6  7  8  9 |
---------------+----------------------------+-----
Conjurations   | 3 4 5 6 7 |  7.7
Spellcasting   | 3 4 5 6 7 8 |  8.3
Hexes          | 1 2 3 5 6 7 |  7.3
Translocations | 2 4 |  4.4
Dodging        | |  3.0
Stealth        | |  3.0

Action                   |  1- 3 |  4- 6 |  7- 9 || total
-------------------------+-------+-------+-------++-------
Melee: Dagger            |    30 |    17 |     4 ||    51
 Cast: Magic Dart        |    75 |    93 |   118 ||   286
       Searing Ray       |     1 |    31 |    50 ||    82
       Fulminant Prism   |       |       |     6 ||     6
  Use: Scroll            |     3 |     3 |     4 ||    10
       Potion            |       |       |     1 ||     1
 Stab: Sleeping          |       |     6 |       ||     6
  Eat: Ration            |       |     1 |     1 ||     2
Armor: Robe              |     3 |     2 |     1 ||     6
Dodge: Dodged            |    29 |    32 |    34 ||    95
